 Dungeon Crawl Stone Soup version 0.30-a0-116-g3b1a8e4ee4 (webtiles) character file.

Game seed: 13350940605342678533

39 erik8world the Poker (level 3, -2/29 HPs)
             Began as a Human Cinder Acolyte on Sept 12, 2022.
             Was a High Priest of Ignis.
             Slain by an adder (3 damage)
             ... on level 2 of the Dungeon on Sept 13, 2022.
             The game lasted 00:04:56 (1632 turns).

erik8world the Poker (Human Cinder Acolyte)         Turns: 1632, Time: 00:04:56

Health: -2/29      AC:  3    Str: 16    XL:     3   Next: 70%
Magic:  4/4        EV: 11    Int: 14    God:    Ignis [*****.]
Gold:   185        SH:  0    Dex:  8    Spells: 4/4 levels left

rFire   + . .      SeeInvis .    a - -1 spear (flame)
rCold   . . .      Faith    .    (no shield)
rNeg    . . .      Spirit   .    f - +0 leather armour
rPois   .          Reflect  .    (no helmet)
rElec   .          Harm     .    (no cloak)
rCorr   .          Rampage  .    (no gloves)
Will    .....                    (no boots)
Stlth   +.........               (no amulet)
HPRegen 0.09/turn                (no ring)
MPRegen 0.09/turn                (no ring)

@: lethally poisoned (-2 -> -9)
A: no striking features
a: Renounce Religion, Fiery Armour, Foxfire Swarm, Rising Flame


You were on level 2 of the Dungeon.
You worshipped Ignis.
Ignis was extremely pleased with you.
You visited 1 branch of the dungeon, and saw 2 of its levels.

You collected 185 gold pieces.

Inventory:

Hand Weapons
 a - a -1 spear of flaming (weapon)
Armour
 b - a +0 robe
 f - a +0 leather armour (worn)
Scrolls
 c - 4 scrolls of identify {unknown}
 g - a scroll of immolation {unknown}
Potions
 d - 2 potions of flight {unknown}
 e - a potion of haste {unknown}
 h - a potion of mutation {unknown}


   Skills:
 + Level 3.2 Fighting
 + Level 3.5 Polearms
 + Level 0.4 Armour
 + Level 1.2 Dodging
 + Level 1.0 Spellcasting
 + Level 3.2 Fire Magic


You had 4 spell levels left.
You didn't know any spells.
Your spell library contained the following spells:

 Spells                   Type           Power      Damage    Failure   Level
 Scorch                   Fire           18%        2d5       13%         2


Dungeon Overview and Level Annotations

Branches:
Dungeon (2/15)

Altars:


Message History

You are too injured to fight recklessly!
You are too injured to fight recklessly!
You are too injured to fight recklessly!
You are too injured to fight recklessly!
You are too injured to fight recklessly!
You are too injured to fight recklessly!
You are too injured to fight recklessly!
You are too injured to fight recklessly!
You are too injured to fight recklessly!
You are too injured to fight recklessly!
You are too injured to fight recklessly!
You are too injured to fight recklessly!
You are too injured to fight recklessly!
You are too injured to fight recklessly!
You are too injured to fight recklessly!
You are too injured to fight recklessly!
You are too injured to fight recklessly!
You are too injured to fight recklessly!
You are too injured to fight recklessly!
You hit the adder but do no damage.
The adder is severely wounded.
You feel sick. The adder bites you.
You miss the adder.
The adder is heavily wounded.
The adder bites you.
* * * LOW HITPOINT WARNING * * *
You hit the adder but do no damage.
The adder is heavily wounded.
You feel sick. The adder bites you but does no damage.
You hit the adder. You burn the adder.
The adder is severely wounded.
You feel sick. The adder bites you.
* * * LOW HITPOINT WARNING * * *
You are lethally poisoned!
The adder poisons you!
You barely miss the adder.
The adder is severely wounded.
* * * LOW HITPOINT WARNING * * *
You feel sick. The adder barely misses you. The adder bites you.
You die...

...)..##.#####
......##.#...<
......##.#.###
######.........#.#
#..............#.#
#..............#.###
#..............#....
#.....#####......###
.##.S@..#####)..##.###
....................>...
...##.....#####...##.###
# #.....# #...##.#
#.....# #...##.# #.....#
#...##.# #.....#
#...##.# #.....# #####
#.....#


You could see an adder.

Vanquished Creatures
  A dart slug (D:1)
  6 bats
  2 endoplasms (D:1)
  6 giant cockroaches (D:1)
  4 goblins (D:1)
  2 hobgoblins (D:1)
  2 jackals (D:1)
  A kobold (D:1)
  4 ball pythons (D:1)
  A frilled lizard (D:1)
  3 rats (D:1)
32 creatures vanquished.

Vanquished Creatures (others)
  2 demonic plants (D:1)
  5 fungi (D:1)
  A plant (D:1)
  5 toadstools (D:1)
13 creatures vanquished.

Grand Total: 45 creatures vanquished

Notes
Turn   | Place    | Note
-------+----------+-------------------------------------------
     0 | D:1      | erik8world the Human Cinder Acolyte began the quest for the
                  | Orb.
     0 | D:1      | Reached XP level 1. HP: 18/18 MP: 2/2
   221 | D:1      | Reached XP level 2. HP: 6/24 MP: 3/3
   726 | D:1      | Reached XP level 3. HP: 18/29 MP: 4/4
  1123 | D:1      | Found a faded altar of an unknown god.
  1182 | D:1      | Reached skill level 1 in Dodging
  1632 | D:2      | HP: 1/29 [poisoned by an adder]
  1632 | D:2      | Slain by an adder

Illustrated notes

Levels and vault maps discovered:
D:1:      minmay_arrival_loop, layout_basic, shapermc_ecumenical_altar_gd,
          minmay_gold_behind_fungi, hangedman_decor_lopped
D:2:      layout_basic, serial_shops, nicolae_shop_stone,
          amcnicky_mini_rare_corridor_liquid, minmay_close_crescents

Skill      XL: |  1  2  3 |
---------------+----------+-----
Dodging        | 1 |  1.2
Fighting       | |  3.2
Polearms       | |  3.5
Armour         | |  0.4
Spellcasting   | |  1.0
Fire Magic     | |  3.2

Action                   || total
-------------------------++-------
Melee: Spear             ||   144
       Punch             ||     1
Invok: Fiery Armour      ||     1
Armor: Robe              ||    24
       Leather armour    ||    38
Dodge: Dodged            ||    92

Table legend: (Time is in decaauts)
 A = Elapsed time spent in this place.
 B = Non-inter-level travel time spent in this place.
 C = Inter-level travel time spent in this place.
 D = Time resting spent in this place.
 E = Time spent auto-exploring this place.
 F = Levels seen in this place.
 G = Mean time per level.
                   A        B        C        D        E       F      G
               +--------+--------+--------+--------+--------+-----+--------+
         Total |   1621 |   1621 |      0 |      0 |   1286 |   2 |  810.5 |
       Dungeon |   1621 |   1621 |      0 |      0 |   1286 |   2 |  810.5 |
               +--------+--------+--------+--------+--------+-----+--------+

Top non-repeatable levels by time:
     D:1: 1568 daAuts
     D:2: 53 daAuts
